Colorado vs Wild

Created - Wednesday, January 8, 2025 at 00:15

Goals
1 2 3 T
Colorado 0 1 1 2
Wild 0 0 0 0
Shots
1 2 3 T
Colorado 8 13 13 34
Wild 8 11 7 26

1st period

No Goal

Penalties :
Kyle Marino (IOW) for Holding (Minor) at 7:44, Kyle Marino (IOW) for Interference (Minor) at 19:33

2nd period

1. Colorado , Ryan Sandelin 11 (Taro Hirose 28, John Stevens 26) at 11:23

Penalties :
Brayden Pachal (COL) for Holding (Minor) at 5:14, Maxwell Crozier (COL) for Tripping (Minor) at 9:07, Ethan Samson (COL) for Slashing (Minor) at 19:27

3rd period

2. Colorado , Pavol Regenda 13 (Ryan Shea 17, Maxwell Crozier 23) at 4:11

Penalties :
Scott Reedy (IOW) for Slashing (Double Minor) at 1:38, Dmitri Voronkov (COL) for Tripping (Minor) at 2:36, Eetu Liukas (COL) for Hooking (Minor) at 6:11, Pavol Regenda (COL) for Tripping (Minor) at 7:30, Yan Kuznetsov (IOW) for Hooking (Minor) at 15:16, Andy Welinski (IOW) for High sticking (Minor) at 19:59

Goalie Stats

Evan Fitzpatrick (COL), 26 saves from 26 shots - (1.000), W, 15-8-2, 60:00 minutes
Collin Delia (IOW), 32 saves from 34 shots - (0.941), L, 2-12-1, 60:00 minutes

Players Stats for Colorado

Player Name              G  A  P  +/- PIM S  H  SB GA TA FO     MP     PP MP  PK MP  
------------------------------------------------------------------------------------
Axel Jonsson-Fjallby     0  0  0   1  0   0  0  0  0  0  3/4     9:06   0:17   0:04 
Brandon Biro             0  0  0   0  0   0  1  0  0  0  3/5    18:29   3:59   2:02 
Brayden Pachal           0  0  0   0  2   0  8  1  0  0  0/0    14:50   0:00   0:00 
Cooper Walker            0  0  0   0  0   0  0  0  0  0  3/9     9:03   0:00   0:00 
Dmitri Voronkov          0  0  0   0  2   3  2  0  0  0  11/25  21:29   3:41   5:20 
Eetu Liukas              0  0  0   0  2   0  0  1  0  0  1/1     9:02   0:00   0:00 
Ethan Samson             0  0  0   0  2   1  2  0  0  0  0/0    19:43   3:59   3:42 
Farm Player 101          0  0  0   0  0   0  0  0  0  0  0/0     4:51   0:43   4:00 
Filip Cederqvist         0  0  0   0  0   2  0  1  0  0  1/3    20:02   0:00   2:09 
Jett Jones               0  0  0   0  0   1  1  0  0  0  8/10    8:53   0:00   0:00 
John Stevens             0  1  1   1  0   7  2  0  0  0  13/21  15:24   3:58   0:00 
Kim Nousiainen           0  0  0   0  0   1  1  0  0  0  0/0    16:08   0:43   1:21 
Maxwell Crozier          0  1  1   2  2   1  1  0  0  0  0/0    22:33   3:15   2:38 
Michael Callahan         0  0  0   0  0   2  1  2  0  0  0/0    20:50   3:59   4:48 
Pavol Regenda            1  0  1   1  2   4  1  1  0  0  0/1    22:00   3:59   4:35 
Ryan Sandelin            1  0  1   1  0   5  1  0  0  0  0/0    15:24   3:58   0:00 
Ryan Shea                0  1  1   2  0   4  1  1  0  0  0/0    22:15   3:15   3:06 
Taro Hirose              0  1  1   1  0   3  0  0  0  0  1/1    17:58   3:58   2:34 

Players Stats for Wild

Player Name              G  A  P  +/- PIM S  H  SB GA TA FO     MP     PP MP  PK MP  
------------------------------------------------------------------------------------
Alec Regula              0  0  0  -1  0   0  2  0  0  0  0/0    21:41   4:08   4:21 
Andy Welinski            0  0  0  -1  2   1  0  2  0  0  0/0    21:41   4:03   4:27 
Anton Blidh              0  0  0  -1  0   2  0  0  0  0  1/3    18:09   3:58   1:55 
Blake McLaughlin         0  0  0  -1  0   1  0  0  0  0  0/0     9:58   0:00   0:00 
Dan Renouf               0  0  0  -1  0   1  2  0  0  0  0/0    16:18   0:00   0:52 
Jack Becker              0  0  0  -1  0   1  4  0  0  0  3/6    16:06   0:00   0:00 
Jake Bischoff            0  0  0  -1  0   0  2  0  0  0  0/0    16:24   0:58   0:00 
Kyle Marino              0  0  0   0  4   1  1  0  0  0  0/1    11:58   0:00   0:00 
Marc Johnstone           0  0  0   0  0   2  1  0  0  0  1/2    17:01   4:57   0:00 
Maxim Groshev            0  0  0  -1  0   4  3  0  0  0  0/1    19:23   4:44   1:55 
Patrick Khodorenko       0  0  0   0  0   3  0  1  0  0  20/37  21:29   4:44   4:40 
Samuel Walker            0  0  0   0  0   2  0  0  0  0  2/12   14:01   0:20   0:22 
Scott Reedy              0  0  0  -1  4   1  1  0  0  0  1/2    10:39   0:00   0:04 
Simon Johansson          0  0  0   0  0   1  1  1  0  0  0/0    22:28   4:47   3:31 
Stefan Matteau           0  0  0   0  0   3  1  0  0  0  8/16   14:07   4:31   1:30 
Tory Dello               0  0  0   0  0   0  0  0  0  0  0/0     0:00   0:00   0:00 
Viktor Neuchev           0  0  0   0  0   2  0  0  0  0  0/0    17:10   4:31   5:28 
Yan Kuznetsov            0  0  0   0  2   1  0  2  0  0  0/0    21:26   4:34   2:43 

3 Stars

1 - Evan Fitzpatrick (COL)
2 - Ryan Sandelin (COL)
3 - Collin Delia (IOW)

Power Play

Colorado - 0 on 6 Attempt(s) - 0.00%
Wild - 0 on 6 Attempt(s) - 0.00%

Penalty Kill

Colorado - 6 on 6 Attempt(s) - 100.00% - Score 0 goal in Penalty Kill
Wild - 6 on 6 Attempt(s) - 100.00% - Score 0 goal in Penalty Kill

Team Stat

Colorado - Hits : 22 - Faceoff Wins : 44 - Blocked Shots : 7 - Penalty Minutes : 12
Wild - Hits : 18 - Faceoff Wins : 36 - Blocked Shots : 6 - Penalty Minutes : 12

Official

Referees : Chris Rooney and Kelly Sutherland
Linesman : Caleb Apperson and Brad Kovachik

Game Notes

No Game Note

Finance

Level 1 -- Attendance: 1840 (92.00%) -- Ticket Income $64,400
Level 2 -- Attendance: 1000 (100.00%) -- Ticket Income $15,000
Total Attendance: 2840 (94.67%)
Total Ticket Income: $79,400
Other Income: $38,906
Total Income: $118,306

Colorado

5 vs 5 Forward 
   Center                   Left Wing                Right Wing               Time % Phy DF OF 
 1 Dmitri Voronkov          Brandon Biro             Pavol Regenda            25     1   2  2  
 2 John Stevens             Taro Hirose              Ryan Sandelin            25     1   2  2  
 3 Jett Jones               Axel Jonsson-Fjallby     Filip Cederqvist         25     1   2  2  
 4 Cooper Walker            Eetu Liukas              Filip Cederqvist         25     1   2  2  

5 vs 5 Defense 
   Defense                  Defense                                           Time % Phy DF OF 
 1 Ryan Shea                Maxwell Crozier                                   25     1   2  2  
 2 Michael Callahan         Ethan Samson                                      25     1   2  2  
 3 Kim Nousiainen           Brayden Pachal                                    25     1   2  2  
 4 Ryan Shea                Maxwell Crozier                                   25     1   2  2  

PowerPlay Forward 
   Center                   Left Wing                Right Wing               Time % Phy DF OF 
 1 Dmitri Voronkov          Brandon Biro             Pavol Regenda            60     1   2  2  
 2 John Stevens             Taro Hirose              Ryan Sandelin            40     1   2  2  

PowerPlay Defense
   Defense                  Defense                                           Time % Phy DF OF 
 1 Ryan Shea                Maxwell Crozier                                   60     1   2  2  
 2 Michael Callahan         Ethan Samson                                      40     1   2  2  

Penalty Kill 4 Players Forward 
   Center                   Wing                     Time % Phy DF OF 
 1 Dmitri Voronkov          Pavol Regenda            60     1   2  2  
 2 Brandon Biro             Taro Hirose              40     1   2  2  

Penalty Kill 4 Players Defense
   Defense                  Defense                  Time % Phy DF OF 
 1 Ryan Shea                Maxwell Crozier          60     1   2  2  
 2 Michael Callahan         Ethan Samson             40     1   2  2  

Penalty Kill - 3 Players Forward 
   Forward                                           Time % Phy DF OF 
 1 Dmitri Voronkov                                   60     1   2  2  
 2 Pavol Regenda                                     40     1   2  2  

Penalty Kill - 3 Players Defense
   Defense                  Defense                  Time % Phy DF OF 
 1 Ryan Shea                Maxwell Crozier          60     1   2  2  
 2 Michael Callahan         Ethan Samson             40     1   2  2  

4 vs 4 Forward 
   Center                   Wing                     Time % Phy DF OF 
 1 Dmitri Voronkov          Pavol Regenda            60     1   2  2  
 2 Brandon Biro             Taro Hirose              40     1   2  2  

4 vs 4 Defense
   Defense                  Defense                  Time % Phy DF OF 
 1 Ryan Shea                Maxwell Crozier          60     1   2  2  
 2 Michael Callahan         Ethan Samson             40     1   2  2  

Last Minutes Offensive
   Center                   Left Wing                Right Wing               Defense                  Defense                  
   Dmitri Voronkov          Brandon Biro             Pavol Regenda            Ryan Shea                Maxwell Crozier          

Last Minutes Defensive
   Center                   Left Wing                Right Wing               Defense                  Defense                  
   Dmitri Voronkov          Brandon Biro             Pavol Regenda            Ryan Shea                Maxwell Crozier          

Goaltenders
Starting : Evan Fitzpatrick         
Backup : Henrik Tikkanen          

Extra Forwards
Normal : Axel Jonsson-Fjallby, Jett Jones, Filip Cederqvist - PP : Axel Jonsson-Fjallby, Jett Jones - PK : Filip Cederqvist
Extra Defensemen
Normal : Kim Nousiainen, Ryan Shea, Michael Callahan - PP : Kim Nousiainen - PK : Maxwell Crozier, Michael Callahan
Penalty Shots
Dmitri Voronkov, Pavol Regenda, Brandon Biro, Taro Hirose, John Stevens
Custom OT Lines Forwards
Dmitri Voronkov, Pavol Regenda, Brandon Biro, Taro Hirose, John Stevens, Ryan Sandelin, Jett Jones, Filip Cederqvist, Eetu Liukas, Axel Jonsson-Fjallby
Custom OT Lines Defensemen
Ryan Shea, Maxwell Crozier, Michael Callahan, Ethan Samson, Kim Nousiainen

Scratches
Colton Young (Healthy), Louis Domingue (Healthy), Eetu Makiniemi (Healthy)

Wild

5 vs 5 Forward 
   Center                   Left Wing                Right Wing               Time % Phy DF OF 
 1 Samuel Walker            Kyle Marino              Anton Blidh              25     1   2  2  
 2 Patrick Khodorenko       Maxim Groshev            Marc Johnstone           25     1   2  2  
 3 Stefan Matteau           Viktor Neuchev           Jack Becker              25     1   2  2  
 4 Jack Becker              Blake McLaughlin         Scott Reedy              25     1   2  2  

5 vs 5 Defense 
   Defense                  Defense                                           Time % Phy DF OF 
 1 Andy Welinski            Alec Regula                                       25     1   2  2  
 2 Yan Kuznetsov            Simon Johansson                                   25     1   2  2  
 3 Jake Bischoff            Dan Renouf                                        25     1   2  2  
 4 Alec Regula              Andy Welinski                                     25     1   2  2  

PowerPlay Forward 
   Center                   Left Wing                Right Wing               Time % Phy DF OF 
 1 Stefan Matteau           Viktor Neuchev           Anton Blidh              60     1   2  2  
 2 Patrick Khodorenko       Maxim Groshev            Marc Johnstone           40     1   2  2  

PowerPlay Defense
   Defense                  Defense                                           Time % Phy DF OF 
 1 Andy Welinski            Alec Regula                                       60     1   2  2  
 2 Yan Kuznetsov            Simon Johansson                                   40     1   2  2  

Penalty Kill 4 Players Forward 
   Center                   Wing                     Time % Phy DF OF 
 1 Patrick Khodorenko       Viktor Neuchev           60     1   2  2  
 2 Anton Blidh              Maxim Groshev            40     1   2  2  

Penalty Kill 4 Players Defense
   Defense                  Defense                  Time % Phy DF OF 
 1 Andy Welinski            Alec Regula              60     1   2  2  
 2 Yan Kuznetsov            Simon Johansson          40     1   2  2  

Penalty Kill - 3 Players Forward 
   Forward                                           Time % Phy DF OF 
 1 Maxim Groshev                                     60     1   2  2  
 2 Anton Blidh                                       40     1   2  2  

Penalty Kill - 3 Players Defense
   Defense                  Defense                  Time % Phy DF OF 
 1 Andy Welinski            Alec Regula              60     1   2  2  
 2 Yan Kuznetsov            Simon Johansson          40     1   2  2  

4 vs 4 Forward 
   Center                   Wing                     Time % Phy DF OF 
 1 Stefan Matteau           Viktor Neuchev           60     1   2  2  
 2 Anton Blidh              Maxim Groshev            40     1   2  2  

4 vs 4 Defense
   Defense                  Defense                  Time % Phy DF OF 
 1 Andy Welinski            Alec Regula              60     1   2  2  
 2 Yan Kuznetsov            Simon Johansson          40     1   2  2  

Last Minutes Offensive
   Center                   Left Wing                Right Wing               Defense                  Defense                  
   Samuel Walker            Maxim Groshev            Anton Blidh              Andy Welinski            Alec Regula              

Last Minutes Defensive
   Center                   Left Wing                Right Wing               Defense                  Defense                  
   Samuel Walker            Maxim Groshev            Anton Blidh              Andy Welinski            Alec Regula              

Goaltenders
Starting : Collin Delia             
Backup : Magnus Hellberg          

Extra Forwards
Normal : Maxim Groshev, Viktor Neuchev, Stefan Matteau - PP : Maxim Groshev, Viktor Neuchev - PK : Stefan Matteau
Extra Defensemen
Normal : Jake Bischoff, Dan Renouf, Alec Regula - PP : Jake Bischoff - PK : Dan Renouf, Andy Welinski
Penalty Shots
Viktor Neuchev, Samuel Walker, Anton Blidh, Maxim Groshev, Patrick Khodorenko
Custom OT Lines Forwards
Samuel Walker, Scott Reedy, Anton Blidh, Maxim Groshev, Patrick Khodorenko, Viktor Neuchev, Stefan Matteau, Jack Becker, Marc Johnstone, Blake McLaughlin
Custom OT Lines Defensemen
Andy Welinski, Alec Regula, Yan Kuznetsov, Simon Johansson, Jake Bischoff

Scratches
Brenden Miller (Healthy), Mark Senden (Healthy), Zach Berzolla (Healthy)

% Time on Ice - Colorado

Lines # - Real PCT - Wanted PCT - Time Play
Normal Forward
1 - 31% - 25% - 12:28
2 - 28% - 25% - 11:26
3 - 19% - 25% - 7:52
4 - 22% - 25% - 9:03
Normal Defense
1 - 19% - 25% - 7:39
2 - 27% - 25% - 11:02
3 - 36% - 25% - 14:43
4 - 18% - 25% - 7:25
PP Forward
1 - 50% - 60% - 3:59
2 - 50% - 40% - 3:58
PP Defense
1 - 41% - 60% - 3:15
2 - 59% - 40% - 4:42
PK Forward
1 - 70% - 60% - 6:01
2 - 30% - 40% - 2:34
PK Defense
1 - 50% - 60% - 4:15
2 - 50% - 40% - 4:20
PK3 Forward
1 - 100% - 60% - 0:40
2 - 0% - 40% - 0:00
PK3 Defense
1 - 30% - 60% - 0:12
2 - 70% - 40% - 0:28
44 Forward
1 - 100% - 60% - 1:59
2 - 0% - 40% - 0:00
44 Defense
1 - 49% - 60% - 0:58
2 - 51% - 40% - 1:01
Last Minute Offensive  - 0:00
Last Minute Defensive  - 0:00
Total
Forward - 60:00
Defense - 60:00

% Time on Ice - Wild

Lines # - Real PCT - Wanted PCT - Time Play
Normal Forward
1 - 29% - 25% - 12:00
2 - 30% - 25% - 12:04
3 - 17% - 25% - 6:47
4 - 24% - 25% - 9:58
Normal Defense
1 - 16% - 25% - 6:22
2 - 31% - 25% - 12:51
3 - 38% - 25% - 15:26
4 - 15% - 25% - 6:10
PP Forward
1 - 49% - 60% - 4:31
2 - 51% - 40% - 4:44
PP Defense
1 - 54% - 60% - 5:01
2 - 46% - 40% - 4:14
PK Forward
1 - 76% - 60% - 6:02
2 - 24% - 40% - 1:55
PK Defense
1 - 56% - 60% - 4:26
2 - 44% - 40% - 3:31
PK3 Forward
1 - 0% - 60%
2 - 0% - 40%
PK3 Defense
1 - 0% - 60%
2 - 0% - 40%
44 Forward
1 - 87% - 60% - 1:43
2 - 13% - 40% - 0:16
44 Defense
1 - 34% - 60% - 0:40
2 - 66% - 40% - 1:19
Last Minute Offensive  - 0:00
Last Minute Defensive  - 0:00
Total
Forward - 60:00
Defense - 60:00

Play-by-Play

1st period


0:01 of 1st period - Dmitri Voronkov wins face-off versus Samuel Walker in neutral zone.
0:31 of 1st period - Off-side.
0:32 of 1st period - John Stevens wins face-off versus Patrick Khodorenko in neutral zone.
0:52 of 1st period - Icing by Maxim Groshev.
0:53 of 1st period - Jett Jones wins face-off versus Patrick Khodorenko in Wild zone.
1:18 of 1st period - Patrick Khodorenko is hit by Jett Jones and loses puck.
1:53 of 1st period - Shot by Ryan Sandelin.
1:53 of 1st period - Stopped by Collin Delia with a rebound.
2:24 of 1st period - Taro Hirose is hit by Jake Bischoff and loses puck.
2:43 of 1st period - Shot by Samuel Walker.
2:43 of 1st period - Shot Misses the Net.
2:45 of 1st period - Shot by Kyle Marino.
2:45 of 1st period - Stopped by Evan Fitzpatrick without a rebound.
2:46 of 1st period - Cooper Walker wins face-off versus Samuel Walker in Colorado zone.
3:03 of 1st period - Shot by Samuel Walker.
3:03 of 1st period - Stopped by Evan Fitzpatrick without a rebound.
3:04 of 1st period - Dmitri Voronkov wins face-off versus Patrick Khodorenko in Colorado zone.
3:25 of 1st period - Maxim Groshev is hit by Brayden Pachal and loses puck.
3:38 of 1st period - Shot by Maxim Groshev.
3:38 of 1st period - Shot Misses the Net.
4:18 of 1st period - Samuel Walker is hit by Brayden Pachal.
5:27 of 1st period - Shot by Ryan Shea.
5:27 of 1st period - Stopped by Collin Delia without a rebound.
5:28 of 1st period - Taro Hirose wins face-off versus Samuel Walker in Wild zone.
5:38 of 1st period - Shot by Ryan Sandelin.
5:38 of 1st period - Shot Blocked by Andy Welinski.
6:01 of 1st period - Shot by Ryan Sandelin.
6:01 of 1st period - Stopped by Collin Delia with a rebound.
6:33 of 1st period - Shot by Jack Becker.
6:33 of 1st period - Stopped by Evan Fitzpatrick without a rebound.
6:34 of 1st period - Jett Jones wins face-off versus Patrick Khodorenko in Colorado zone.
6:34 of 1st period - Jett Jones is hit by Maxim Groshev.
7:21 of 1st period - Icing by Maxwell Crozier.
7:22 of 1st period - Jett Jones wins face-off versus Jack Becker in Colorado zone.
7:24 of 1st period - Maxwell Crozier is hit by Scott Reedy and loses puck.
7:41 of 1st period - Icing by Jett Jones.
7:42 of 1st period - Jett Jones wins face-off versus Samuel Walker in Colorado zone.
7:44 of 1st period - Minor Penalty to Kyle Marino for Holding.
7:45 of 1st period - Patrick Khodorenko wins face-off versus John Stevens in Wild zone.
7:45 of 1st period - Patrick Khodorenko is hit by Ryan Sandelin.
9:24 of 1st period - Shot by John Stevens.
9:24 of 1st period - Shot Blocked by Andy Welinski.
9:26 of 1st period - Shot by Taro Hirose.
9:26 of 1st period - Deflect By John Stevens.
9:26 of 1st period - Stopped by Collin Delia without a rebound.
9:27 of 1st period - Patrick Khodorenko wins face-off versus Axel Jonsson-Fjallby in Wild zone.
9:48 of 1st period - Shot by Scott Reedy.
9:48 of 1st period - Shot Misses the Net.
9:50 of 1st period - Shot by Dan Renouf.
9:50 of 1st period - Stopped by Evan Fitzpatrick without a rebound.
9:51 of 1st period - Jack Becker wins face-off versus Cooper Walker in Colorado zone.
9:58 of 1st period - Shot by Scott Reedy.
9:58 of 1st period - Shot Blocked by Eetu Liukas.
10:00 of 1st period - Shot by Scott Reedy.
10:00 of 1st period - Shot Misses the Net.
10:02 of 1st period - Shot by Scott Reedy.
10:02 of 1st period - Shot Misses the Net.
10:51 of 1st period - Shot by John Stevens.
10:51 of 1st period - Stopped by Collin Delia without a rebound.
10:52 of 1st period - Patrick Khodorenko wins face-off versus Pavol Regenda in Wild zone.
11:01 of 1st period - Shot by Patrick Khodorenko.
11:01 of 1st period - Stopped by Evan Fitzpatrick without a rebound.
11:02 of 1st period - John Stevens wins face-off versus Samuel Walker in Colorado zone.
12:04 of 1st period - Icing by Dmitri Voronkov.
12:05 of 1st period - Patrick Khodorenko wins face-off versus Dmitri Voronkov in Colorado zone.
12:06 of 1st period - Shot by Maxim Groshev.
12:06 of 1st period - Shot Misses the Net.
12:08 of 1st period - Shot by Patrick Khodorenko.
12:08 of 1st period - Stopped by Evan Fitzpatrick without a rebound.
12:09 of 1st period - Cooper Walker wins face-off versus Patrick Khodorenko in Colorado zone.
12:09 of 1st period - Cooper Walker is hit by Maxim Groshev.
12:27 of 1st period - Shot by Filip Cederqvist.
12:27 of 1st period - Shot Misses the Net.
12:35 of 1st period - Shot by Filip Cederqvist.
12:35 of 1st period - Stopped by Collin Delia without a rebound.
12:36 of 1st period - Dmitri Voronkov wins face-off versus Stefan Matteau in Wild zone.
12:44 of 1st period - Off-side.
12:45 of 1st period - John Stevens wins face-off versus Jack Becker in neutral zone.
12:45 of 1st period - Ryan Shea is hit by Jack Becker and loses puck.
12:50 of 1st period - John Stevens is hit by Jack Becker and loses puck.
12:56 of 1st period - Scott Reedy is hit by Ryan Shea.
13:08 of 1st period - Shot by Blake McLaughlin.
13:08 of 1st period - Deflect By Scott Reedy.
13:08 of 1st period - Stopped by Evan Fitzpatrick without a rebound.
13:09 of 1st period - Patrick Khodorenko wins face-off versus Jett Jones in Colorado zone.
13:36 of 1st period - Icing by Dan Renouf.
13:37 of 1st period - Dmitri Voronkov wins face-off versus Patrick Khodorenko in Wild zone.
15:57 of 1st period - Andy Welinski is hit by Brandon Biro and loses puck.
16:44 of 1st period - Shot by Samuel Walker.
16:44 of 1st period - Shot Blocked by Brayden Pachal.
17:02 of 1st period - Shot by John Stevens.
17:02 of 1st period - Stopped by Collin Delia without a rebound.
17:03 of 1st period - Axel Jonsson-Fjallby wins face-off versus Patrick Khodorenko in Wild zone.
17:57 of 1st period - Off-side.
17:58 of 1st period - John Stevens wins face-off versus Scott Reedy in neutral zone.
18:03 of 1st period - Shot by Ryan Sandelin.
18:03 of 1st period - Shot Misses the Net.
18:49 of 1st period - Shot by Anton Blidh.
18:49 of 1st period - Stopped by Evan Fitzpatrick without a rebound.
18:50 of 1st period - Stefan Matteau wins face-off versus Dmitri Voronkov in Colorado zone.
19:33 of 1st period - Minor Penalty to Kyle Marino for Interference.
19:34 of 1st period - John Stevens wins face-off versus Patrick Khodorenko in Wild zone.
19:35 of 1st period - Shot by Taro Hirose.
19:35 of 1st period - Shot Misses the Net.
19:37 of 1st period - Shot by Ryan Sandelin.
19:37 of 1st period - Shot Hit the Post.
19:39 of 1st period - Shot by Taro Hirose.
19:39 of 1st period - Shot Misses the Net.
19:41 of 1st period - Shot by John Stevens.
19:41 of 1st period - Shot Blocked by Patrick Khodorenko.
19:43 of 1st period - Shot by Ryan Sandelin.
19:43 of 1st period - Shot Misses the Net.
19:45 of 1st period - Shot by Michael Callahan.
19:45 of 1st period - Shot Blocked by Yan Kuznetsov.
19:47 of 1st period - Shot by Ethan Samson.
19:47 of 1st period - Stopped by Collin Delia without a rebound.
19:48 of 1st period - Anton Blidh wins face-off versus John Stevens in Wild zone.
Goals for this period are 0 for Colorado vs 0 for Wild.
Shots for this period are 8 for Colorado vs 8 for Wild.

2nd period


0:01 of 2nd period - Patrick Khodorenko wins face-off versus Dmitri Voronkov in neutral zone.
0:06 of 2nd period - Icing by Dmitri Voronkov.
0:07 of 2nd period - Brandon Biro wins face-off versus Patrick Khodorenko in Colorado zone.
0:20 of 2nd period - Shot by Ryan Shea.
0:20 of 2nd period - Stopped by Collin Delia with a rebound.
0:28 of 2nd period - Shot by Ryan Shea.
0:28 of 2nd period - Stopped by Collin Delia without a rebound.
0:29 of 2nd period - Patrick Khodorenko wins face-off versus John Stevens in Wild zone.
1:25 of 2nd period - Off-side.
1:26 of 2nd period - Dmitri Voronkov wins face-off versus Anton Blidh in neutral zone.
1:31 of 2nd period - Shot by Pavol Regenda.
1:31 of 2nd period - Shot Misses the Net.
2:46 of 2nd period - Shot by Brandon Biro.
2:46 of 2nd period - Shot Misses the Net.
2:48 of 2nd period - Shot by Ryan Shea.
2:48 of 2nd period - Shot Misses the Net.
2:50 of 2nd period - Shot by Maxwell Crozier.
2:50 of 2nd period - Stopped by Collin Delia with a rebound.
2:52 of 2nd period - Shot by Ryan Shea.
2:52 of 2nd period - Shot Misses the Net.
2:54 of 2nd period - Shot by Pavol Regenda.
2:54 of 2nd period - Stopped by Collin Delia with a rebound.
3:00 of 2nd period - Shot by Pavol Regenda.
3:00 of 2nd period - Stopped by Collin Delia without a rebound.
3:01 of 2nd period - Patrick Khodorenko wins face-off versus John Stevens in Wild zone.
3:03 of 2nd period - Andy Welinski is hit by John Stevens and loses puck.
3:16 of 2nd period - Shot by Maxim Groshev.
3:16 of 2nd period - Stopped by Evan Fitzpatrick without a rebound.
3:17 of 2nd period - Jett Jones wins face-off versus Stefan Matteau in Colorado zone.
5:08 of 2nd period - Samuel Walker is hit by Brayden Pachal and loses puck.
5:14 of 2nd period - Minor Penalty to Brayden Pachal for Holding.
5:15 of 2nd period - Stefan Matteau wins face-off versus Dmitri Voronkov in Colorado zone.
5:35 of 2nd period - Shot by Viktor Neuchev.
5:35 of 2nd period - Shot Misses the Net.
6:17 of 2nd period - Shot by Maxim Groshev.
6:17 of 2nd period - Stopped by Evan Fitzpatrick without a rebound.
6:18 of 2nd period - Marc Johnstone wins face-off versus Dmitri Voronkov in Colorado zone.
6:19 of 2nd period - Shot by Maxim Groshev.
6:19 of 2nd period - Shot Blocked by Pavol Regenda.
8:14 of 2nd period - Icing by Simon Johansson.
8:15 of 2nd period - Jett Jones wins face-off versus Kyle Marino in Wild zone.
8:32 of 2nd period - Shot by Kyle Marino.
8:32 of 2nd period - Shot Misses the Net.
8:56 of 2nd period - Shot by Maxim Groshev.
8:56 of 2nd period - Shot Misses the Net.
9:07 of 2nd period - Minor Penalty to Maxwell Crozier for Tripping.
9:08 of 2nd period - Stefan Matteau wins face-off versus Dmitri Voronkov in Colorado zone.
10:09 of 2nd period - Shot by Maxim Groshev.
10:09 of 2nd period - Shot Misses the Net.
10:11 of 2nd period - Shot by Marc Johnstone.
10:11 of 2nd period - Stopped by Evan Fitzpatrick with a rebound.
10:13 of 2nd period - Shot by Marc Johnstone.
10:13 of 2nd period - Stopped by Evan Fitzpatrick without a rebound.
10:14 of 2nd period - Stefan Matteau wins face-off versus Dmitri Voronkov in Colorado zone.
11:10 of 2nd period - Shot by Maxim Groshev.
11:10 of 2nd period - Stopped by Evan Fitzpatrick without a rebound.
11:11 of 2nd period - John Stevens wins face-off versus Jack Becker in Colorado zone.
11:11 of 2nd period - John Stevens is hit by Jack Becker.
11:16 of 2nd period - Taro Hirose is hit by Jake Bischoff and loses puck.
11:23 of 2nd period - Shot by Ryan Sandelin.
11:23 of 2nd period - Goal by Ryan Sandelin - Colorado : 1 - Wild : 0.
11:24 of 2nd period - Cooper Walker wins face-off versus Samuel Walker in neutral zone.
11:26 of 2nd period - Michael Callahan is hit by Alec Regula and loses puck.
11:43 of 2nd period - Filip Cederqvist is hit by Kyle Marino and loses puck.
12:19 of 2nd period - Shot by Brayden Pachal.
12:19 of 2nd period - Shot Misses the Net.
12:21 of 2nd period - Shot by Taro Hirose.
12:21 of 2nd period - Stopped by Collin Delia with a rebound.
12:23 of 2nd period - Shot by John Stevens.
12:23 of 2nd period - Shot Misses the Net.
12:25 of 2nd period - Shot by Kim Nousiainen.
12:25 of 2nd period - Stopped by Collin Delia with a rebound.
12:27 of 2nd period - Shot by John Stevens.
12:27 of 2nd period - Stopped by Collin Delia without a rebound.
12:28 of 2nd period - Stefan Matteau wins face-off versus Filip Cederqvist in Wild zone.
12:53 of 2nd period - Shot by Jack Becker.
12:53 of 2nd period - Shot Misses the Net.
12:55 of 2nd period - Shot by Viktor Neuchev.
12:55 of 2nd period - Shot Misses the Net.
12:57 of 2nd period - Shot by Yan Kuznetsov.
12:57 of 2nd period - Stopped by Evan Fitzpatrick without a rebound.
12:58 of 2nd period - Patrick Khodorenko wins face-off versus Brandon Biro in Colorado zone.
12:58 of 2nd period - Patrick Khodorenko is hit by Brayden Pachal.
13:09 of 2nd period - Off-side.
13:10 of 2nd period - Jack Becker wins face-off versus John Stevens in neutral zone.
13:10 of 2nd period - Jack Becker is hit by John Stevens.
13:31 of 2nd period - Taro Hirose is hit by Dan Renouf and loses puck.
13:40 of 2nd period - Shot by Michael Callahan.
13:40 of 2nd period - Stopped by Collin Delia with a rebound.
13:42 of 2nd period - Shot by Taro Hirose.
13:42 of 2nd period - Stopped by Collin Delia with a rebound.
13:46 of 2nd period - Shot by Ryan Sandelin.
13:46 of 2nd period - Stopped by Collin Delia with a rebound.
14:17 of 2nd period - Dmitri Voronkov is hit by Dan Renouf and loses puck.
14:37 of 2nd period - Jake Bischoff is hit by Kim Nousiainen and loses puck.
15:03 of 2nd period - Maxim Groshev is hit by Brayden Pachal and loses puck.
15:07 of 2nd period - Maxim Groshev is hit by Brayden Pachal and loses puck.
15:16 of 2nd period - Shot by Patrick Khodorenko.
15:16 of 2nd period - Stopped by Evan Fitzpatrick without a rebound.
15:17 of 2nd period - John Stevens wins face-off versus Samuel Walker in Colorado zone.
15:32 of 2nd period - Shot by Michael Callahan.
15:32 of 2nd period - Shot Misses the Net.
15:40 of 2nd period - Shot by Ryan Sandelin.
15:40 of 2nd period - Stopped by Collin Delia without a rebound.
15:41 of 2nd period - Patrick Khodorenko wins face-off versus Dmitri Voronkov in Wild zone.
15:45 of 2nd period - Yan Kuznetsov is hit by Maxwell Crozier and loses puck.
16:09 of 2nd period - Shot by Maxim Groshev.
16:09 of 2nd period - Stopped by Evan Fitzpatrick with a rebound.
16:11 of 2nd period - Shot by Patrick Khodorenko.
16:11 of 2nd period - Deflect By Maxim Groshev.
16:11 of 2nd period - Shot Misses the Net.
16:25 of 2nd period - Off-side.
16:26 of 2nd period - Samuel Walker wins face-off versus Jett Jones in neutral zone.
17:53 of 2nd period - Icing by Dan Renouf.
17:54 of 2nd period - Dmitri Voronkov wins face-off versus Patrick Khodorenko in Wild zone.
18:48 of 2nd period - Shot by Samuel Walker.
18:48 of 2nd period - Stopped by Evan Fitzpatrick with a rebound.
18:56 of 2nd period - Shot by Anton Blidh.
18:56 of 2nd period - Shot Misses the Net.
18:58 of 2nd period - Shot by Anton Blidh.
18:58 of 2nd period - Shot Misses the Net.
19:22 of 2nd period - Shot by Stefan Matteau.
19:22 of 2nd period - Stopped by Evan Fitzpatrick with a rebound.
19:24 of 2nd period - Shot by Viktor Neuchev.
19:24 of 2nd period - Shot Blocked by Ryan Shea.
19:26 of 2nd period - Shot by Stefan Matteau.
19:26 of 2nd period - Stopped by Evan Fitzpatrick without a rebound.
19:27 of 2nd period - Patrick Khodorenko wins face-off versus Cooper Walker in Colorado zone.
19:27 of 2nd period - Minor Penalty to Ethan Samson for Slashing.
19:28 of 2nd period - Patrick Khodorenko wins face-off versus Filip Cederqvist in Colorado zone.
Goals for this period are 1 for Colorado vs 0 for Wild.
Shots for this period are 13 for Colorado vs 11 for Wild.

3rd period


0:01 of 3rd period - Stefan Matteau wins face-off versus Dmitri Voronkov in neutral zone.
0:30 of 3rd period - Shot by Viktor Neuchev.
0:30 of 3rd period - Shot Misses the Net.
0:50 of 3rd period - Yan Kuznetsov is hit by Michael Callahan and loses puck.
1:32 of 3rd period - Blake McLaughlin is hit by Brayden Pachal and loses puck.
1:38 of 3rd period - Double Minor Penalty to Scott Reedy for Slashing.
1:39 of 3rd period - Patrick Khodorenko wins face-off versus John Stevens in Wild zone.
1:58 of 3rd period - Shot by Michael Callahan.
1:58 of 3rd period - Shot Misses the Net.
2:26 of 3rd period - Shot by Ryan Shea.
2:26 of 3rd period - Shot Misses the Net.
2:36 of 3rd period - Minor Penalty to Dmitri Voronkov for Tripping.
2:37 of 3rd period - Axel Jonsson-Fjallby wins face-off versus Stefan Matteau in Colorado zone.
3:06 of 3rd period - Shot by Pavol Regenda.
3:06 of 3rd period - Shot Misses the Net.
3:55 of 3rd period - Shot by Pavol Regenda.
3:55 of 3rd period - Stopped by Collin Delia without a rebound.
3:56 of 3rd period - Axel Jonsson-Fjallby wins face-off versus Anton Blidh in Wild zone.
4:11 of 3rd period - Shot by Pavol Regenda.
4:11 of 3rd period - Goal by Pavol Regenda - Colorado : 2 - Wild : 0.
4:12 of 3rd period - Jett Jones wins face-off versus Maxim Groshev in neutral zone.
4:19 of 3rd period - Shot by Filip Cederqvist.
4:19 of 3rd period - Stopped by Collin Delia with a rebound.
4:49 of 3rd period - Icing by John Stevens.
4:50 of 3rd period - Patrick Khodorenko wins face-off versus John Stevens in Colorado zone.
4:51 of 3rd period - Shot by Viktor Neuchev.
4:51 of 3rd period - Stopped by Evan Fitzpatrick without a rebound.
4:52 of 3rd period - John Stevens wins face-off versus Patrick Khodorenko in Colorado zone.
5:01 of 3rd period - Shot by John Stevens.
5:01 of 3rd period - Stopped by Collin Delia without a rebound.
5:02 of 3rd period - Patrick Khodorenko wins face-off versus Dmitri Voronkov in Wild zone.
5:02 of 3rd period - Andy Welinski is hit by Dmitri Voronkov and loses puck.
5:12 of 3rd period - Icing by Brandon Biro.
5:13 of 3rd period - Patrick Khodorenko wins face-off versus Dmitri Voronkov in Colorado zone.
5:38 of 3rd period - Icing by Pavol Regenda.
5:39 of 3rd period - Jack Becker wins face-off versus Cooper Walker in Colorado zone.
5:46 of 3rd period - Shot by Blake McLaughlin.
5:46 of 3rd period - Stopped by Evan Fitzpatrick with a rebound.
6:11 of 3rd period - Minor Penalty to Eetu Liukas for Hooking.
6:12 of 3rd period - Dmitri Voronkov wins face-off versus Patrick Khodorenko in Colorado zone.
6:27 of 3rd period - Ethan Samson is hit by Marc Johnstone and loses puck.
6:53 of 3rd period - Off-side.
6:54 of 3rd period - Dmitri Voronkov wins face-off versus Stefan Matteau in neutral zone.
7:17 of 3rd period - Shot by Simon Johansson.
7:17 of 3rd period - Stopped by Evan Fitzpatrick without a rebound.
7:18 of 3rd period - Brandon Biro wins face-off versus Stefan Matteau in Colorado zone.
7:30 of 3rd period - Minor Penalty to Pavol Regenda for Tripping.
7:31 of 3rd period - Dmitri Voronkov wins face-off versus Patrick Khodorenko in Colorado zone.
7:31 of 3rd period - Michael Callahan is hit by Maxim Groshev and loses puck.
7:48 of 3rd period - Shot by Marc Johnstone.
7:48 of 3rd period - Shot Hit the Post.
7:50 of 3rd period - Shot by Andy Welinski.
7:50 of 3rd period - Stopped by Evan Fitzpatrick without a rebound.
7:51 of 3rd period - Filip Cederqvist wins face-off versus Stefan Matteau in Colorado zone.
7:51 of 3rd period - Filip Cederqvist is hit by Stefan Matteau.
8:02 of 3rd period - Icing by Simon Johansson.
8:03 of 3rd period - Stefan Matteau wins face-off versus Dmitri Voronkov in Wild zone.
8:08 of 3rd period - Shot by Yan Kuznetsov.
8:08 of 3rd period - Deflect By Viktor Neuchev.
8:08 of 3rd period - Stopped by Evan Fitzpatrick with a rebound.
8:10 of 3rd period - Shot by Simon Johansson.
8:10 of 3rd period - Shot Blocked by Michael Callahan.
8:12 of 3rd period - Shot by Stefan Matteau.
8:12 of 3rd period - Deflect By Viktor Neuchev.
8:12 of 3rd period - Shot Misses the Net.
8:14 of 3rd period - Shot by Stefan Matteau.
8:14 of 3rd period - Stopped by Evan Fitzpatrick without a rebound.
8:15 of 3rd period - Patrick Khodorenko wins face-off versus Dmitri Voronkov in Colorado zone.
8:47 of 3rd period - Patrick Khodorenko is hit by Ethan Samson and loses puck.
9:02 of 3rd period - Shot by Simon Johansson.
9:02 of 3rd period - Shot Misses the Net.
9:31 of 3rd period - Stefan Matteau is hit by Brayden Pachal and loses puck.
10:55 of 3rd period - Icing by Alec Regula.
10:56 of 3rd period - Eetu Liukas wins face-off versus Samuel Walker in Wild zone.
11:16 of 3rd period - Samuel Walker is hit by Ethan Samson and loses puck.
11:19 of 3rd period - Shot by Alec Regula.
11:19 of 3rd period - Shot Blocked by Michael Callahan.
11:36 of 3rd period - Icing by Yan Kuznetsov.
11:37 of 3rd period - John Stevens wins face-off versus Patrick Khodorenko in Wild zone.
11:44 of 3rd period - Shot by Ryan Sandelin.
11:44 of 3rd period - Shot Blocked by Yan Kuznetsov.
11:55 of 3rd period - Shot by John Stevens.
11:55 of 3rd period - Stopped by Collin Delia without a rebound.
11:56 of 3rd period - Dmitri Voronkov wins face-off versus Stefan Matteau in Wild zone.
12:01 of 3rd period - Shot by Ryan Shea.
12:01 of 3rd period - Stopped by Collin Delia without a rebound.
12:02 of 3rd period - John Stevens wins face-off versus Samuel Walker in Wild zone.
12:03 of 3rd period - Shot by Taro Hirose.
12:03 of 3rd period - Shot Blocked by Simon Johansson.
12:24 of 3rd period - Shot by Anton Blidh.
12:24 of 3rd period - Stopped by Evan Fitzpatrick without a rebound.
12:25 of 3rd period - Brandon Biro wins face-off versus Stefan Matteau in Colorado zone.
12:25 of 3rd period - Brandon Biro is hit by Jack Becker.
12:31 of 3rd period - Shot by Dmitri Voronkov.
12:31 of 3rd period - Shot Misses the Net.
12:56 of 3rd period - Dmitri Voronkov is hit by Alec Regula and loses puck.
13:05 of 3rd period - Viktor Neuchev is hit by Pavol Regenda and loses puck.
13:35 of 3rd period - Off-side.
13:36 of 3rd period - Jett Jones wins face-off versus Samuel Walker in neutral zone.
13:57 of 3rd period - Shot by Jett Jones.
13:57 of 3rd period - Stopped by Collin Delia without a rebound.
13:58 of 3rd period - John Stevens wins face-off versus Patrick Khodorenko in Wild zone.
14:05 of 3rd period - Shot by John Stevens.
14:05 of 3rd period - Stopped by Collin Delia with a rebound.
14:08 of 3rd period - Icing by Yan Kuznetsov.
14:09 of 3rd period - Patrick Khodorenko wins face-off versus Cooper Walker in Wild zone.
14:55 of 3rd period - Shot by John Stevens.
14:55 of 3rd period - Shot Misses the Net.
14:57 of 3rd period - Shot by Michael Callahan.
14:57 of 3rd period - Shot Misses the Net.
14:59 of 3rd period - Shot by Taro Hirose.
14:59 of 3rd period - Stopped by Collin Delia with a rebound.
15:16 of 3rd period - Minor Penalty to Yan Kuznetsov for Hooking.
15:17 of 3rd period - Stefan Matteau wins face-off versus Brandon Biro in Wild zone.
15:40 of 3rd period - Shot by Dmitri Voronkov.
15:40 of 3rd period - Stopped by Collin Delia without a rebound.
15:41 of 3rd period - Scott Reedy wins face-off versus John Stevens in Wild zone.
16:25 of 3rd period - Icing by Michael Callahan.
16:26 of 3rd period - Dmitri Voronkov wins face-off versus Patrick Khodorenko in Colorado zone.
16:33 of 3rd period - Shot by Pavol Regenda.
16:33 of 3rd period - Deflect By Dmitri Voronkov.
16:33 of 3rd period - Stopped by Collin Delia without a rebound.
16:34 of 3rd period - Patrick Khodorenko wins face-off versus Dmitri Voronkov in Wild zone.
16:56 of 3rd period - Dmitri Voronkov is hit by Simon Johansson.
16:58 of 3rd period - Shot by Brandon Biro.
16:58 of 3rd period - Deflect By Dmitri Voronkov.
16:58 of 3rd period - Stopped by Collin Delia with a rebound.
17:00 of 3rd period - Shot by Michael Callahan.
17:00 of 3rd period - Stopped by Collin Delia without a rebound.
17:01 of 3rd period - John Stevens wins face-off versus Patrick Khodorenko in Wild zone.
18:17 of 3rd period - Blake McLaughlin is hit by Dmitri Voronkov and loses puck.
18:57 of 3rd period - Off-side.
18:58 of 3rd period - Patrick Khodorenko wins face-off versus Cooper Walker in neutral zone.
19:22 of 3rd period - Icing by Kim Nousiainen.
19:23 of 3rd period - Samuel Walker wins face-off versus Cooper Walker in Colorado zone.
19:30 of 3rd period - Shot by Kyle Marino.
19:30 of 3rd period - Shot Blocked by Filip Cederqvist.
19:56 of 3rd period - Off-side.
19:57 of 3rd period - John Stevens wins face-off versus Marc Johnstone in neutral zone.
19:59 of 3rd period - Minor Penalty to Andy Welinski for High sticking.
Goals for this period are 1 for Colorado vs 0 for Wild.
Shots for this period are 13 for Colorado vs 7 for Wild.